 Dungeon Crawl Stone Soup version 0.25-a0-317-g5f8687bca5 (webtiles) character file.

Game seed: 2548439407696720653, levelgen mode: deterministic

7 ANON1729 the Digger (level 2, 0/17 HPs)
             Began as an Octopode Earth Elementalist on Dec 27, 2019.
             Slain by a bat (1 damage)
             ... on level 1 of the Dungeon.
             The game lasted 00:00:23 (162 turns).

ANON1729 the Digger (Octopode Earth Elementalist)    Turns: 162, Time: 00:00:24

Health: 0/17       AC:  1    Str:  7    XL:     2   Next: 0%
Magic:  0/5        EV: 13    Int: 17    God:
Gold:   22         SH:  0    Dex: 12    Spells: 4/5 levels left

rFire    . . .     SeeInvis .   (no weapon)
rCold    . . .     Gourm    .   (no shield)
rNeg     . . .     Faith    .   (helmet restricted)
rPois    .         Spirit   .   (no amulet)
rElec    .         Reflect  .   (no ring)
rCorr    .         Harm     .   (no ring)
MR       .....                  (no ring)
Stlth    +++.......             (no ring)
HPRegen  0.05/turn              (no ring)
MPRegen  0.09/turn              (no ring)
                                (no ring)
                                (no ring)

@: no status effects
A: almost no armour, stealthy swim, amphibious, 8 rings, constrict 8, camouflage
1, gelatinous body 1
a: no special abilities


You were on level 1 of the Dungeon.
You were not hungry.

You visited 1 branch of the dungeon, and saw 1 of its levels.

You collected 22 gold pieces.

Inventory:

Missiles
 b - 25 stones (quivered)
Scrolls
 a - a scroll of magic mapping {unknown}
 d - a scroll of remove curse {unknown}
Comestibles
 c - 2 rations


   Skills:
 + Level 2.1 Dodging
 + Level 3.0 Stealth
 + Level 2.1 Spellcasting
   Level 1.0 Transmutations
 + Level 3.1 Earth Magic


You had 4 spell levels left.
You knew the following spells:

 Your Spells              Type           Power        Failure   Level  Hunger
a - Sandblast             Erth           ##....       5%          1    #......

Your spell library contained the following spells:

 Spells                   Type           Power        Failure   Level  Hunger
 Passwall                 Tmut/Erth      #.......     12%         2    ###....
 Stone Arrow              Conj/Erth      #.....       30%         3    ###....
 Petrify                  Tmut/Erth      #.......     63%         4    #####..
 Lee's Rapid Deconstruct  Erth           ##........   82%         5    ######.


Dungeon Overview and Level Annotations

Branches:
Dungeon (1/15)

Altars:


Innate Abilities, Weirdness & Mutations

You cannot wear most types of armour.
You are very stealthy in the water. (Stealth+)
You are amphibious.
You can wear up to eight rings at the same time.
You can use your tentacles to constrict eight enemies at once.
Your skin changes colour to match your surroundings (Stealth+).
Your rubbery body absorbs attacks. (AC +1, EV +1)


Message History

Your grab misses the bat. The bat misses you.
The bat hits you but does no damage. The bat hits you but does no damage.
The bat completely misses you.
Things that are here:
a +0 dagger; a goblin corpse; a hobgoblin corpse You closely miss the bat.
You grab the bat. You constrict the bat. The bat hits you.
* * * LOW HITPOINT WARNING * * *
The bat struggles to escape constriction.
The bat escapes!
The bat hits you.
* * * LOW HITPOINT WARNING * * *
Things that are here:
a +0 dagger; a kobold corpse
Things that are here:
a +0 dagger; a goblin corpse; a hobgoblin corpse The bat hits you.
* * * LOW HITPOINT WARNING * * *
The bat hits you.
You die...

### ... #.. . #.. ... #..
....#.. ##
......†####################.
#....)b@................
#.#################'###. #
#.....#. #.....#. #.....#.
#.###.#) #.#†#.#. #.###.#.
#.....#.


You could see a bat.

Vanquished Creatures
  A giant cockroach (D:1)
  A hobgoblin (D:1)
  A kobold (D:1)
  A bat (D:1)
  2 goblins (D:1)
6 creatures vanquished.

Notes
Turn   | Place    | Note
-------+----------+-------------------------------------------
     0 | D:1      | ANON1729 the Octopode Earth Elementalist began the quest
                  | for the Orb.
     0 | D:1      | Reached XP level 1. HP: 11/11 MP: 3/3
   156 | D:1      | Reached XP level 2. HP: 4/17 MP: 0/5
   162 | D:1      | Slain by a bat

Levels and vault maps discovered:
D:1:      nicolae_arrival_memento_mori, layout_basic, palyth_stone_intersect,
          minmay_nonomino_d4

Skill      XL: |  1 |
---------------+----+-----
Stealth        | 3 |  3.0
Dodging        | |  2.1
Spellcasting   | |  2.1
Transmutations | |  1.0
Earth Magic    | |  3.1

Action                   || total
-------------------------++-------
Melee: Unarmed           ||     6
       Tentacles         ||     2
       Constrict         ||     1
 Cast: Sandblast         ||     5
Armor: Skin              ||     4
Dodge: Dodged            ||     6

Table legend:
 A = Non-vault XP
 B = Vault XP
 C = Vault XP percentage of total XP
 D = Non-vault monster count
 E = Vault monster count
 F = Vault count percentage of total count
                 A         B        C        D         E       F
            +---------+---------+-------+---------+---------+-------
      Total |       5 |       5 |  50.0 |       3 |       3 |  50.0
            +---------+---------+-------+---------+---------+-------
        D:1 |       5 |       5 |  50.0 |       3 |       3 |  50.0
            +---------+---------+-------+---------+---------+-------
